Map: Ever Dream LE

Players

cure

  • Race: Terran Terran
  • Spawn Location: 1:00

Serral - Winner!

  • Race: Zerg Zerg
  • Spawn Location: 7:00

Event: DreamHack SC2 Masters 2020 Summer Season Finals

VOD

Have the link to the VOD?

Description

Time

  • Played on: July 19, 2020, 11:21 a.m.
  • Length: 9:17

All games in this series

Show
View Real Time Build Order
Export as new Build Order

cure Terran 

Build Orders: Reaper Expand 

Get SALT Encoding   

  12  0:00  SCV  
  13  0:12  SCV  
  14  0:17  Supply Depot  
  14  0:25  SCV  
  15  0:38  SCV  
  15  0:39  Barracks  
  16  0:42  Refinery  
  16  0:50  SCV  
  17  1:02  SCV  
  18  1:15  SCV  
  19  1:26  Reaper  
  19  1:27  Orbital Command  
  20  1:37  Command Center  
  20  1:46  Supply Depot  
  20  1:52  SCV  
  21  1:58  Marine  
  22  2:05  SCV  
  22  2:06  Factory  
  23  2:10  Refinery  
  23  2:17  SCV  
  23  2:20  Barracks Reactor  
  24  2:29  SCV  
  25  2:41  SCV  
  26  2:49  Orbital Command  
  26  2:51  Starport  
  26  2:53  SCV  
  27  3:01  Hellion x2  
  27  3:04  Marine  
  27  3:05  SCV  
  33  3:11  Supply Depot  
  33  3:16  SCV  
  33  3:17  SCV  
  35  3:23  Hellion  
  35  3:24  Hellion  
  39  3:30  SCV  
  39  3:31  SCV, Fusion Core  
  41  3:39  Starport Tech Lab  
  41  3:43  SCV x2  
  43  3:50  Command Center  
  43  3:55  SCV  
  44  3:57  SCV  
  44  3:58  Supply Depot  
  45  4:07  SCV  
  45  4:09  SCV  
  47  4:18  Refinery  
  47  4:19  Refinery, Battlecruiser  
  47  4:21  SCV  
  47  4:22  SCV  
  55  4:28  Supply Depot  
  55  4:33  SCV  
  55  4:34  SCV  
  55  4:37  Hellion x2  
  61  4:41  Supply Depot  
  61  4:45  SCV  
  62  4:50  SCV  
  63  4:58  SCV  
  64  5:01  Factory, Orbital Command  
  64  5:02  Factory, SCV  
  64  5:07  Hellion x2  
  69  5:10  SCV  
  70  5:14  SCV, Weapon Refit  
  71  5:34  SCV  
  71  5:35  Orbital Command, SCV, Hellion x2  
  75  5:37  Battlecruiser  
  81  5:46  Supply Depot  
  81  5:52  Factory Tech Lab x2  
  81  5:53  SCV x2  
  83  5:58  Hellion x2  
  83  6:03  SCV  
  88  6:05  SCV x2  
  86  6:16  Cyclone x2, Infernal Pre-Igniter  
  88  6:19  SCV x2  
  88  6:20  SCV  
  91  6:26  Hellion x2  
  91  6:29  Supply Depot  
  95  6:34  Refinery  
  95  6:36  Refinery, SCV x3  
  95  6:37  Supply Depot  
  92  6:50  Cyclone x2, Supply Depot  
  92  6:52  Supply Depot, SCV  
  99  6:59  Hellion x2  
  101  7:07  Battlecruiser  
  101  7:10  SCV x2  
  103  7:18  Armory  
  103  7:21  Armory  
  103  7:26  SCV x3  
  103  7:28  Cyclone  
  109  7:31  Cyclone  
  112  7:41  Factory x2  
  112  7:43  SCV x3  
  115  7:46  Hellion x2  
  115  7:50  Engineering Bay  
  119  7:56  SCV x2  
  119  7:58  SCV  
  122  7:59  Supply Depot x2  
  122  8:09  Cyclone x2  
  122  8:10  Hellion x2  
  132  8:26  Factory Reactor, Factory Tech Lab  
  132  8:28  Supply Depot x2  
  132  8:30  Command Center  
  132  8:38  Hellion x2  
  132  8:41  Cyclone x2  
  130  9:02  SCV x3  
Show
View Real Time Build Order
Export as new Build Order

Serral Zerg - Winner!

Build Orders: Hatch First 

Get SALT Encoding   

  12  0:00  Drone  
  13  0:13  Overlord  
  13  0:17  Drone  
  14  0:31  Drone x2  
  16  0:48  Hatchery  
  15  0:51  Drone  
  15  0:54  Drone  
  17  0:58  Drone  
  18  1:08  Extractor  
  17  1:13  Spawning Pool  
  17  1:18  Drone  
  17  1:20  Drone  
  18  1:28  Drone  
  19  1:39  Drone  
  20  1:50  Overlord  
  20  2:00  Queen x2  
  20  2:01  Zergling x4  
  26  2:12  Drone x2  
  26  2:13  Metabolic Boost  
  28  2:22  Drone  
  29  2:23  Drone  
  30  2:36  Hatchery  
  29  2:39  Drone  
  29  2:41  Drone  
  31  2:48  Queen  
  33  2:51  Overlord  
  33  2:55  Drone  
  33  2:56  Drone  
  35  2:58  Drone  
  36  3:11  Drone x4  
  40  3:13  Overlord  
  40  3:17  Drone  
  41  3:20  Drone  
  41  3:24  Queen  
  44  3:29  Overlord  
  44  3:31  Overlord  
  44  3:38  Zergling x2  
  44  3:41  Zergling x2  
  46  3:42  Drone x2  
  46  3:43  Drone  
  46  3:47  Queen  
  51  3:49  Drone x2  
  53  3:57  Drone x3  
  53  3:59  Zergling x2  
  53  4:00  Drone, Zergling x2  
  53  4:01  Queen  
  60  4:05  Overlord  
  61  4:10  Zergling x2  
  61  4:11  Drone  
  61  4:13  Drone x3  
  65  4:19  Overlord  
  65  4:24  Queen  
  65  4:26  Roach Warren, Drone x2  
  65  4:30  Zergling x2  
  69  4:35  Zergling x6  
  69  4:37  Drone  
  69  4:38  Lair  
  73  4:41  Drone x3, Extractor x2  
  74  4:46  Drone x3  
  74  4:50  Spore Crawler  
  74  4:52  Spore Crawler  
  75  4:55  Overlord  
  75  4:57  Spore Crawler  
  75  4:58  Extractor  
  75  4:59  Drone  
  75  5:00  Drone  
  75  5:02  Overlord  
  75  5:04  Overlord  
  75  5:09  Roach x3  
  81  5:14  Overlord  
  81  5:17  Roach x3  
  81  5:18  Drone  
  81  5:19  Drone  
  81  5:20  Drone  
  90  5:23  Drone x2  
  90  5:24  Drone  
  93  5:29  Drone x2  
  93  5:34  Drone x3  
  97  5:37  Overseer  
  97  5:39  Spire  
  97  5:42  Drone x3  
  98  5:46  Drone x2  
  98  5:47  Drone  
  98  5:49  Drone  
  101  5:50  Drone  
  101  5:52  Drone  
  101  5:54  Drone  
  101  5:55  Overlord  
  102  5:57  Drone  
  102  6:02  Drone x2  
  102  6:03  Drone  
  105  6:06  Glial Reconstitution  
  105  6:10  Drone  
  100  6:17  Extractor x2  
  94  6:19  Evolution Chamber  
  94  6:21  Drone x3  
  94  6:27  Overlord  
  94  6:28  Drone  
  94  6:29  Zergling x2  
  95  6:34  Hatchery  
  94  6:41  Zergling x6  
  94  6:45  Zerg Missile Weapons Level 1  
  97  6:49  Zergling x4  
  97  6:50  Zergling x6  
  102  7:01  Unknown  
  98  7:02  Overlord  
  98  7:08  Drone x3  
  99  7:10  Corruptor x5  
  99  7:13  Corruptor  
  99  7:15  Overlord  
  111  7:23  Overlord  
  111  7:24  Roach x5  
  120  7:30  Overlord x2  
  120  7:31  Overlord  
  120  7:34  Overlord  
  120  7:35  Overlord  
  120  7:37  Roach  
  120  7:43  Roach x2  
  126  7:46  Roach  
  126  7:47  Roach x3  
  126  7:48  Zergling x2  
  135  7:52  Overlord  
  135  7:55  Ravager x5  
  135  7:57  Overlord  
  144  7:58  Roach x4, Zergling x2  
  144  8:10  Ravager, Overlord  
  144  8:11  Roach x3  
  144  8:12  Ravager x2  
  153  8:16  Roach x2  
  153  8:17  Roach  
  159  8:24  Roach x4  
  167  8:31  Roach  
  167  8:32  Roach x4  
  176  8:35  Ravager x3  
  177  8:43  Roach x2, Zergling x10  
  182  8:53  Roach x7  
Tags
 
Add a new tag
Caveats
  • Supply blocks, unpowered buildings, or Contaminate may cause inaccurate times.
  • Supply counts are checked every 10 seconds.